 Dungeon Crawl Stone Soup version 0.29-a0-902-g0f71de6fce (webtiles) character file.

Game seed: 12867580851153583045

56 gruber the Conjurer (level 3, -4/26 HPs)
             Began as a Draconian Conjurer on July 24, 2022.
             Succumbed to Sigmund's poison
             ... on level 2 of the Dungeon.
             The game lasted 00:01:36 (1613 turns).

gruber the Conjurer (Draconian Conjurer)            Turns: 1613, Time: 00:01:37

Health: -4/26      AC:  5    Str:  9    XL:     3   Next: 71%
Magic:  1/6        EV: 12    Int: 20    God:
Gold:   74         SH:  0    Dex:  9    Spells: 3/6 levels left

rFire   . . .      SeeInvis .   (no weapon)
rCold   . . .      Faith    .   (no shield)
rNeg    . . .      Spirit   .   (body armour unavailable)
rPois   .          Reflect  .   (helmet restricted)
rElec   .          Harm     .   (no cloak)
rCorr   .          Rampage  .   (no gloves)
Will    .....                   (no boots)
Stlth   ++........              (no amulet)
HPRegen 0.08/turn               (no ring)
MPRegen 0.10/turn               (no ring)

@: lethally poisoned (-4 -> -33)
A: AC +5, unfitting armour, cold-blooded
a: no special abilities


You were on level 2 of the Dungeon.
You visited 1 branch of the dungeon, and saw 2 of its levels.

You collected 74 gold pieces.

Inventory:

Scrolls
 d - 3 scrolls of identify {unknown}
 e - a scroll of enchant weapon {unknown}
 f - a scroll of brand weapon {unknown}
 g - a scroll of blinking {unknown}
 h - a scroll of noise {unknown}
 j - a scroll of teleportation {unknown}
 n - 3 scrolls of fear {unknown}
Potions
 a - a potion of magic
 b - a potion of attraction {unknown}
 c - a potion of brilliance
 i - a potion of curing {unknown}
 k - a potion of haste {unknown}
 l - a potion of cancellation {unknown}
 m - a potion of resistance {unknown}


   Skills:
 - Level 1.7 Dodging
 - Level 1.7 Stealth
 + Level 2.2 Spellcasting
 * Level 5.3 Conjurations


You had 3 spell levels left.
You knew the following spells:

 Your Spells              Type           Power      Damage    Failure   Level
a - Magic Dart            Conj           92%        1d7       1%          1
b - Searing Ray           Conj           46%        2d6       2%          2

Your spell library contained the following spells:

 Spells                   Type           Power      Damage    Failure   Level
 Apportation              Tloc           4%         N/A       16%         1
 Necrotise                Necr           8%         1d4       16%         1
 Summon Small Mammal      Summ           8%         N/A       16%         1
 Dazzling Flash           Conj/Hex       24%        N/A       16%         3
 Scorch                   Fire           4%         2d5       24%         2
 Flame Wave               Conj/Fire      12%        2d6       45%         4
 Fulminant Prism          Conj/Hex       6%         3d7       45%         4
 Iskenderun's Mystic Bla  Conj/Tloc      12%        2d5       45%         4
 Summon Cactus Giant      Summ           1%         N/A       100%        6


Dungeon Overview and Level Annotations

Branches:
Dungeon (2/15)

Altars:

Shops:
D:1 *

Annotations:
D:2 Sigmund


Innate Abilities, Weirdness & Mutations

Your plain brown scales are hard. (AC +5)
You cannot fit into any form of body armour.
You are cold-blooded and may be slowed by cold attacks.


Message History

You miscast Searing Ray.
You are very lightly contaminated with residual magic.
Nothing appears to happen.
Unknown command.
Unknown command.
Casting: Searing Ray (safe; 2% risk of failure)
Confirm with . or Enter, or press ? or * to list all spells.
Aiming: Searing Ray (safe; 2% risk of failure)
Press: ? - help, Shift-Dir - straight line, f/p - Sigmund
Aim: Sigmund, wielding a +4 scythe of venom and wearing a +0 robe (75% to hit)
The searing ray hits Sigmund.
Sigmund is lightly wounded. (Press . to maintain the ray.) Sigmund gestures at you while chanting.
The puff of flame misses you.
The searing ray hits Sigmund!
Sigmund is heavily wounded.
The searing ray hits Sigmund.
Sigmund is severely wounded.
Sigmund gestures at you while chanting. You resist with significant effort.
Without enough magic to sustain it, your searing ray dissipates.
Sigmund gestures at you while chanting.
You are confused.
You bump into the rock wall.
Sigmund closely misses you.
You bump into the rock wall.
Sigmund casts a spell.
Sigmund flickers and vanishes!
Deactivating autopickup; reactivate with Ctrl-A.
Your magical contamination has completely faded away.
You are too confused!
Something hits you!
You are poisoned.
You bump into the rock wall.
You feel less confused.
You feel sick. Something hits you!
* * * LOW HITPOINT WARNING * * *
You are more poisoned.
You aren't carrying any items that you can evoke.
You die...

#......# #..##
#......#
..#####.#.
#......#
..).....#.
##.....#
..####....
#.#####
####.#..
#.####
+....#..
#....# ##.....
####.# #.###.
#@# #.# ## #.#
#.#### #.#
##.....
.......{.....#
#....##
...#####.....#
#.##.## .....#
#.##.## .....#
#...)## #+#+##
###....
#####....


There were no monsters in sight!

Vanquished Creatures
  Jessica (D:2)
  A worm (D:2)
  A dart slug (D:1)
  4 endoplasms
  A goblin (D:2)
  2 hobgoblins
  A quokka (D:2)
  7 ball pythons
  A frilled lizard (D:1)
  5 kobolds (D:2)
  2 rats (D:1)
26 creatures vanquished.

Notes
Turn   | Place    | Note
-------+----------+-------------------------------------------
     0 | D:1      | gruber the Draconian Conjurer began the quest for the Orb.
     0 | D:1      | Reached XP level 1. HP: 14/14 MP: 3/3
   288 | D:1      | Found Ciavyh's General Store.
   389 | D:1      | Reached XP level 2. HP: 20/20 MP: 3/5
   392 | D:1      | Learned a level 2 spell: Searing Ray
   429 | D:1      | Found a faded altar of an unknown god.
  1388 | D:2      | Noticed Jessica
  1392 | D:2      | Killed Jessica
  1393 | D:2      | Reached skill level 5 in Conjurations
  1393 | D:2      | Reached XP level 3. HP: 26/26 MP: 1/6
  1600 | D:2      | Noticed Sigmund
  1613 | D:2      | Succumbed to Sigmund's poison

Illustrated notes

Levels and vault maps discovered:
D:1:      saegor_arrival_simple_a, layout_basic, serial_shops,
          nicolae_shop_stone, chequers_ecumenical_altar_grove,
          minmay_misc_feat_iff
D:2:      minmay_alternating_diamond, layout_basic, uniq_sigmund, uniq_jessica

Skill      XL: |  1  2 |
---------------+-------+-----
Conjurations   | 5 |  5.3
Dodging        | |  1.7
Stealth        | |  1.7
Spellcasting   | |  2.2

Action                   || total
-------------------------++-------
Melee: Unarmed           ||     6
       Tailslap          ||     2
 Cast: Magic Dart        ||    51
       Searing Ray       ||     1
Armor: Skin              ||     1
Dodge: Dodged            ||     7

Table legend: (Time is in decaauts)
 A = Elapsed time spent in this place.
 B = Non-inter-level travel time spent in this place.
 C = Inter-level travel time spent in this place.
 D = Time resting spent in this place.
 E = Time spent auto-exploring this place.
 F = Levels seen in this place.
 G = Mean time per level.
                   A        B        C        D        E       F      G
               +--------+--------+--------+--------+--------+-----+--------+
         Total |   1612 |   1585 |     27 |      0 |   1455 |   2 |  806.0 |
       Dungeon |   1612 |   1585 |     27 |      0 |   1455 |   2 |  806.0 |
               +--------+--------+--------+--------+--------+-----+--------+

Top non-repeatable levels by time:
     D:1: 815 daAuts
     D:2: 797 daAuts
